 Dungeon Crawl Stone Soup version 0.30-a0-702-gdf48620a09 (webtiles) character file.

Game seed: 11083453181907301536

4384 Newt the Trooper (level 10, 0/76 HPs)
             Began as a Demonspawn Gladiator on Jan 21, 2023.
             Was an Initiate of Gozag.
             Slain by a wight
             ... wielding a +0 morningstar
              (11 damage)
             ... on level 7 of the Dungeon.
             The game lasted 00:09:35 (6374 turns).

Newt the Trooper (Demonspawn Gladiator)             Turns: 6374, Time: 00:09:35

Health: 0/76       AC:  9    Str: 20    XL:     10   Next: 13%
Magic:  10/17      EV: 16    Int: 11    God:    Gozag
Gold:   486        SH:  5    Dex: 22    Spells: 12/19 levels left

rFire   . . .      SeeInvis .    n - +1 dagger (venom)
rCold   . . .      Faith    .    (no shield)
rNeg    . . .      Spirit   .    m - +3 leather armour of Resonance {Str+4}
rPois   .          Reflect  +    (helmet restricted)
rElec   .          Harm     .    K - +0 cloak
rCorr   .          Rampage  .    q - +1 Delatra's gloves {ID++}
Will    .....                    (no boots)
Stlth   +++                      j - amulet of reflection
HPRegen 0.32/turn                x - +6 ring of dexterity
MPRegen 0.30/turn                D - +5 ring of evasion

@: grasped by roots, gold aura, constricted
A: hooves 2, horns 1, magic regeneration, demonic touch 2, subdued magic 1
a: Renounce Religion, Potion Petition, Call Merchant, Bribe Branch


You were on level 7 of the Dungeon.
You worshipped Gozag.
Gozag was aware of your devotion.
You visited 2 branches of the dungeon, and saw 8 of its levels.

You collected 1079 gold pieces.
You spent 473 gold pieces at shops.
You paid 120 gold pieces to Gozag.

Inventory:

Hand Weapons
 a - a +0 rapier
 n - a +1 dagger of venom (weapon)
Missiles
 d - 2 throwing nets
 e - a javelin
Armour
 b - a +0 leather armour
 c - a +0 helmet
 m - the +3 leather armour of Resonance (worn) {Str+4}
   (You found it on level 2 of the Dungeon)

   Str:       It affects your strength (+4).
 q - the +1 Delatra's gloves (worn) {ID++}
   (You found it on level 2 of the Dungeon)

   ID++:      It heals its wearer when they drink unknown potions, and restores
   their MP when they read unknown scrolls.
 K - a +0 cloak (worn)
Jewellery
 j - an amulet of reflection (around neck)
 x - a +6 ring of dexterity (left hand)
 D - a +5 ring of evasion (right hand)
 E - a +6 ring of strength
 I - an amulet of the acrobat
 N - a +6 ring of strength
Wands
 C - a wand of digging (3)
 M - a wand of roots (9)
Scrolls
 l - 2 scrolls of enchant weapon
 p - a scroll of noise
 r - a scroll of brand weapon
 u - 4 scrolls of immolation
 v - a scroll of vulnerability
 y - a scroll of torment
 A - a scroll of enchant armour
 B - a scroll of teleportation
 F - a scroll of fog
 G - a scroll of magic mapping
 H - a scroll of fear
 L - a scroll of butterflies {unknown}
Potions
 f - a potion of magic
 g - 4 potions of degeneration
 h - 2 potions of attraction
 i - 5 potions of curing
 k - 2 potions of flight
 o - 3 potions of lignification
 s - a potion of mutation
 t - a potion of invisibility {unknown}
 w - 3 potions of heal wounds {unknown}
 z - 2 potions of berserk rage {unknown}
 J - a potion of cancellation {unknown}


   Skills:
 - Level 6.0 Fighting
 - Level 4.0 Short Blades
 - Level 1.7 Throwing
 - Level 4.0 Dodging
 - Level 5.0 Stealth
 - Level 5.0 Spellcasting
 - Level 5.0 Transmutations
 - Level 5.0 Fire Magic
 - Level 5.0 Poison Magic
 + Level 3.7 Evocations


You had 12 spell levels left.
You knew the following spells:

 Your Spells              Type           Power      Damage    Failure   Level
a - Ignite Poison         Fire/Tmut/Pois 10%        N/A       8%          3
b - Olgreb's Toxic Radia  Pois           10%        N/A       28%         4

Your spell library contained the following spells:

 Spells                   Type           Power      Damage    Failure   Level
 Sting                    Tmut/Pois      40%        1d5       2%          1
 Passwall                 Tmut/Erth      5%         N/A       12%         2
 Poisonous Vapours        Pois/Air       12%        N/A       12%         2
 Sandblast                Erth           4%         2d4       22%         1
 Stone Arrow              Conj/Erth      4%         3d7       54%         3
 Sticky Flame             Conj/Fire      6%         2d3       61%         4
 Ignition                 Fire           5%         3d4       100%        8


Dungeon Overview and Level Annotations

Branches:
Dungeon (7/15)             Temple (1/1) D:4

Altars:
Ashenzari
Cheibriados
Dithmenos
Fedhas
Gozag
Hepliaklqana
Kikubaaqudgha
Makhleb
Nemelex Xobeh
Okawaru
Qazlal
Ru
Sif Muna
Trog
Uskayaw
Wu Jian
Xom

Shops:
D:1 =??(

Annotations:
D:7 2 transporters


Innate Abilities, Weirdness & Mutations

You have hoof-like feet.
You have a pair of small horns on your head.
You regenerate magic rapidly.
Your touch may inflict irresistible damage on your foes.
Your spells are a little easier to cast, but a little less powerful.


Message History

You hit the two-headed ogre.
The two-headed ogre is poisoned.
You kick the two-headed ogre!
The two-headed ogre is heavily wounded.
Casting: Ignite Poison (dangerous; 8% risk of failure)
Press: ? - help, Q - select action, (/) - cycle Dir - look around, f - activate You ignite the poison in your surroundings!
The two-headed ogre seems to burn from within!!
The two-headed ogre is severely wounded.
The wight zaps a wand.
The roots erupt in riotous growth!
The two-headed ogre is unaffected.
The wight is unaffected.
The grasping roots grab you!
The ufetubus is unaffected.
The grasping roots constrict you.
* * * LOW HITPOINT WARNING * * *
The two-headed ogre hits you but does no damage.
You block the two-headed ogre's attack.
Unknown command.
You hit the two-headed ogre. Your kick misses the two-headed ogre.
You touch the two-headed ogre.
You kill the two-headed ogre!
The grasping roots constrict you.
* * * LOW HITPOINT WARNING * * *
You block the ufetubus's attack. The ufetubus completely misses you.
Your life force feels restored.
Your Evocations skill gained 2 levels and is now at level 3!
You have reached level 10!
You hear a shout!
You hit the ufetubus. Your kick misses the ufetubus.
You touch the ufetubus.
You kill the ufetubus!
The grasping roots constrict you.
* * * LOW HITPOINT WARNING * * *
Throw: 3 throwing nets
Press: ? - help, Shift-Dir - straight line, f - wight
Aim: a wight, wielding a +0 morningstar, wearing a +0 robe, quivering stones and carrying a wand of roots (6) (66% to hit)
You throw a throwing net.
The throwing net barely misses the wight.
Something gets caught in the net!
Something wriggles in the net.
The wight hits you with a +0 morningstar!
You die...
Your body crumbles into a pile of gold.

#.......#...#...### .
#.⌠...⌠.##'####.###
..##..⌠....##.888#...#
...'...z...#8..[.'(..#
$
.##....⌠..##.888#...#
#.⌠...⌠.##'####...#
#...{...#... #####
####z####..# #@...'.#.
##...#### #### $


You could see 2 wights.

Vanquished Creatures
  A two-headed ogre (D:7)
  Maggie (D:6)
  A troll (D:7)
  Grinder (D:6)
  A shadow (D:6)
  A wyvern (D:7)
  A steam dragon (D:6)
  3 water moccasins
  An ice beast (D:5)
  2 sky beasts (D:7)
  A black bear (D:5)
  A centaur (D:3)
  A phantom (D:4)
  A kobold brigand (D:6)
  Blork the orc (D:6)
  A necrophage (D:5)
  6 scorpions
  A wight (D:7)
  6 killer bees (D:7)
  2 howler monkeys
  4 hounds
  Crazy Yiuf (D:6)
  2 jellies
  4 orc priests
  A gnoll bouda (D:5)
  5 iguanas
  6 orc wizards
  Robin (D:3)
  5 gnolls
  4 adders
  A white imp (D:7)
  An ufetubus (D:7)
  A worm (D:4)
  A dart slug (D:1)
  16 orcs
  7 ball pythons
  10 endoplasms
  6 giant cockroaches
  20 goblins
  13 hobgoblins
  3 jackals (D:3)
  4 quokkas
  6 bats
  2 frilled lizards
  17 kobolds
  7 rats (D:1)
182 creatures vanquished.

Notes
Turn   | Place    | Note
-------+----------+-------------------------------------------
     0 | D:1      | Newt the Demonspawn Gladiator began the quest for the Orb.
     0 | D:1      | Reached XP level 1. HP: 16/16 MP: 1/1
    51 | D:1      | Found Witoinu's Magic Scroll Shoppe.
    64 | D:1      | Reached skill level 1 in Stealth
   150 | D:1      | Found Baemiage's Weapon Boutique.
   165 | D:1      | Discovered your monstrous ancestry.
   165 | D:1      | Gained mutation: Your touch may inflict minor irresistible
                  | damage on your foes. [demonic ancestry]
   165 | D:1      | Reached XP level 2. HP: 21/22 MP: 2/2
   273 | D:1      | Found Noop's Magic Scroll Boutique.
   410 | D:1      | Found Konupiu's Jewellery Boutique.
   484 | D:1      | Gained mutation: You regenerate magic rapidly. [demonic
                  | ancestry]
   484 | D:1      | Reached XP level 3. HP: 23/28 MP: 3/3
   703 | D:2      | Found a faded altar of an unknown god.
   706 | D:2      | Prayed at the altar of an unknown god.
   706 | D:2      | Became a worshipper of Ru the Awakened
   756 | D:2      | Identified the +3 leather armour of Resonance {Str+4}
   771 | D:2      | Identified the +1 sling "Soud" {freeze, Int+4}
   808 | D:2      | Reached skill level 3 in Fighting
  1038 | D:2      | Gained mutation: You have a pair of small horns on your
                  | head. [demonic ancestry]
  1038 | D:2      | Reached XP level 4. HP: 37/37 MP: 4/4
  1039 | D:2      | Reached skill level 4 in Fighting
  1047 | D:2      | Found the +1 Delatra's gloves {ID++}
  1413 | D:3      | Found a broken altar of Ashenzari.
  1453 | D:3      | Noticed Robin
  1487 | D:3      | Killed Robin
  1533 | D:3      | Noticed a centaur
  1542 | D:3      | Killed a centaur
  1543 | D:3      | Gained mutation: Your touch may inflict irresistible damage
                  | on your foes. [demonic ancestry]
  1543 | D:3      | Reached XP level 5. HP: 31/42 MP: 5/5
  1700 | D:3      | You fall into a shaft and drop 2 floors!
  1700 | D:5      | Entered Level 5 of the Dungeon
  1728 | D:5      | Gained mutation: You have large cloven feet. [demonic
                  | ancestry]
  1728 | D:5      | Reached XP level 6. HP: 43/48 MP: 6/6
  1787 | D:5      | Reached skill level 5 in Fighting
  1971 | D:5      | Reached XP level 7. HP: 57/57 MP: 7/7
  2014 | D:4      | Found a staircase to the Ecumenical Temple.
  2088 | Temple   | Entered the Ecumenical Temple
  2243 | Temple   | Fell from the grace of Ru
  2243 | Temple   | Became a worshipper of Gozag Ym Sagoz the Greedy
  2350 | D:4      | Reached skill level 6 in Fighting
  3510 | D:1      | Bought a scroll of identify for 26 gold pieces
  3510 | D:1      | Bought a scroll of enchant weapon for 97 gold pieces
  3510 | D:1      | Bought a scroll of identify for 26 gold pieces
  3510 | D:1      | Bought a scroll of magic mapping for 97 gold pieces
  3510 | D:1      | Bought a scroll of immolation for 52 gold pieces
  3510 | D:1      | Bought a scroll of teleportation for 39 gold pieces
  3510 | D:1      | Bought a scroll of fear for 52 gold pieces
  3534 | D:1      | Bought a scroll of identify for 28 gold pieces
  3534 | D:1      | Bought a scroll of identify for 28 gold pieces
  3534 | D:1      | Bought a scroll of identify for 28 gold pieces
  3828 | D:5      | Reached skill level 5 in Stealth
  3828 | D:5      | Reached skill level 1 in Spellcasting
  3828 | D:5      | Gained mutation: You have hoof-like feet. [demonic
                  | ancestry]
  3828 | D:5      | Reached XP level 8. HP: 50/64 MP: 7/10
  3901 | D:5      | Found a hazy altar of Hepliaklqana.
  3907 | D:5      | Found a snail-covered altar of Cheibriados.
  3914 | D:5      | Found a stormy altar of Qazlal.
  3923 | D:5      | Found a shimmering blue altar of Sif Muna.
  3931 | D:5      | Found an ancient bone altar of Kikubaaqudgha.
  3936 | D:5      | Found an ornate altar of the Wu Jian Council.
  4471 | D:6      | Noticed Maggie
  4487 | D:6      | Gained mutation: You have hidden genetic defects. [potion
                  | of mutation]
  4487 | D:6      | Gained mutation: Your spells are a little easier to cast,
                  | but a little less powerful. [potion of mutation]
  4487 | D:6      | Lost mutation: You have hidden genetic defects. [potion of
                  | mutation]
  4506 | D:6      | Killed Maggie
  4507 | D:6      | Reached skill level 5 in Spellcasting
  4515 | D:6      | Learned a level 3 spell: Ignite Poison
  4690 | D:6      | Noticed Blork the orc
  4694 | D:6      | Killed Blork the orc
  4898 | D:6      | Found a blossoming altar of Fedhas.
  4927 | D:6      | Found a runed translucent door.
  4928 | D:6      | Noticed Crazy Yiuf
  4962 | D:6      | Reached XP level 9. HP: 61/69 MP: 16/16
  5348 | D:6      | Reached skill level 5 in Fire Magic
  5410 | D:6      | Noticed Grinder
  5414 | D:6      | Killed Grinder
  5415 | D:6      | Reached skill level 1 in Transmutations
  5415 | D:6      | Reached skill level 1 in Poison Magic
  5557 | D:6      | Killed Crazy Yiuf
  5825 | D:7      | Noticed a centaur warrior
  5826 | D:7      | Found a transporter.
  5826 | D:7      | Found a transporter.
  5828 | D:7      | Found a hide-covered altar of Uskayaw.
  6068 | D:7      | Noticed a two-headed ogre
  6070 | D:7      | Noticed a cyclops
  6321 | D:7      | Reached skill level 5 in Poison Magic
  6330 | D:7      | Learned a level 4 spell: Olgreb's Toxic Radiance
  6350 | D:7      | Noticed a troll
  6357 | D:7      | Killed a troll
  6358 | D:7      | Reached skill level 5 in Transmutations
  6358 | D:7      | Reached skill level 1 in Evocations
  6372 | D:7      | Killed a two-headed ogre
  6373 | D:7      | Reached XP level 10. HP: 15/76 MP: 10/17
  6374 | D:7      | Slain by a wight

Illustrated notes

Levels and vault maps discovered:
D:1:      tarquinn_simple_flora_water_f, layout_basic, serial_shops, shop_coins,
          shop, nicolae_shop_temple_entry_statues_fountains,
          nicolae_shop_bloodbath_and_beyond, minmay_split_cup_large
D:2:      layout_basic, nicolae_ecumenical_oubliette, pf_guarded_unrand_delatra
D:3:      cheibrodos_greedy_goblins, layout_loops_corners,
          ashenzari_conservatory_becter, minmay_misc_feat_four_crosses,
          uniq_robin
D:4:      layout_basic, minmay_temple_entry_grid, minmay_ruptured
D:5:      layout_basic, grunt_temple_overflow_octagram, serial_glass,
          glass_columns_a, glass_columns_b, st_stairs_5,
          chequers_decorated_corner
D:6:      layout_basic, fedhas_altar_1, minmay_misc_feat_five,
          uniq_crazy_yiuf_cottage, uniq_maggie, uniq_grinder, uniq_blork_the_orc
D:7:      minmay_chambers_of_sevens, layout_rooms,
          gammafunk_temple_overflow_arena, uniq_duvessa
Temple:   hellmonk_temple_forest_ring

Skill      XL: |  1  2  3  4  5  6  7  8  9 |
---------------+----------------------------+-----
Stealth        | 1 2 5 |  5.0
Fighting       | 3 4 5 6 |  6.0
Short Blades   | 4 |  4.0
Dodging        | 3 4 |  4.0
Spellcasting   | 1 5 |  5.0
Fire Magic     | 4 5 |  5.0
Transmutations | 5 |  5.0
Poison Magic   | 5 |  5.0
Evocations     | 3 |  3.7
Throwing       | |  1.7

Action                   |  1- 3 |  4- 6 |  7- 9 | 10-12 || total
-------------------------+-------+-------+-------+-------++-------
Melee: Rapier            |    83 |       |       |       ||    83
       Touch             |    10 |    11 |    54 |     1 ||    76
       Dagger            |    33 |    85 |   292 |     1 ||   411
       Punch             |     1 |     1 |     8 |       ||    10
       Headbutt          |       |    15 |    58 |       ||    73
       Kick              |       |     5 |   113 |       ||   118
Throw: Throwing net      |       |       |     1 |     1 ||     2
 Cast: Ignite Poison     |       |       |     7 |       ||     7
       Olgreb's Toxic Ra |       |       |     1 |       ||     1
  Use: Potion            |       |     2 |     3 |       ||     5
       Scroll            |       |     1 |    10 |       ||    11
 Stab: Sleeping          |     5 |     2 |     6 |       ||    13
       Held in net/web   |       |       |     1 |       ||     1
       Distracted        |       |       |     2 |       ||     2
Armor: Leather armour    |    29 |    25 |    45 |       ||    99
Dodge: Dodged            |    57 |    37 |   141 |       ||   235
Block: Other             |    16 |    16 |    51 |       ||    83
       Reflection        |     2 |     1 |     2 |       ||     5

Table legend: (Time is in decaauts)
 A = Elapsed time spent in this place.
 B = Non-inter-level travel time spent in this place.
 C = Inter-level travel time spent in this place.
 D = Time resting spent in this place.
 E = Time spent auto-exploring this place.
 F = Levels seen in this place.
 G = Mean time per level.
                   A        B        C        D        E       F      G
               +--------+--------+--------+--------+--------+-----+--------+
         Total |   6305 |   5949 |    356 |    277 |   4476 |   8 |  788.1 |
       Dungeon |   6141 |   5810 |    331 |    277 |   4346 |   7 |  877.3 |
        Temple |    163 |    139 |     24 |      0 |    130 |   1 |  163.0 |
               +--------+--------+--------+--------+--------+-----+--------+

Top non-repeatable levels by time:
     D:6: 1359 daAuts
     D:5: 1077 daAuts
     D:3: 908 daAuts
     D:1: 807 daAuts
     D:4: 730 daAuts
     D:2: 693 daAuts
     D:7: 564 daAuts
  Temple: 163 daAuts
